 Dungeon Crawl Stone Soup version 0.31-a0-986-g5e6e4ef867 (webtiles) character file.

Game seed: 17133293390880582773

79 Persephone the Chopper (level 4, -2/39 HPs)
             Began as a Minotaur Monk on Nov 7, 2023.
             Killed by divine providence
             ... invoked by an orc priest
              (12 damage)
             ... on level 3 of the Dungeon.
             The game lasted 00:02:19 (1770 turns).

Persephone the Chopper (Minotaur Monk)              Turns: 1770, Time: 00:02:19

Health: -2/39      AC:  2    Str: 17    XL:     4   Next: 17%
Magic:  3/3        EV: 13    Int:  7    God:
Gold:   129        SH:  0    Dex: 13    Spells: 3/3 levels left

rFire   . . .        a - +0 hand axe
rCold   . . .        d - orb {light}
rNeg    . . .        b - +0 robe
rPois   .            (helmet restricted)
rElec   .            (no cloak)
rCorr   .            (no gloves)
SInv    .            (no boots)
Will    .....        (no amulet)
Stlth   +            (no ring)
HPRegen 0.26/turn    (no ring)
MPRegen 0.08/turn

%: no passive effects
@: glowing
A: horns 2, retaliatory headbutt
a: no special abilities


You were on level 3 of the Dungeon.
You visited 1 branch of the dungeon, and saw 3 of its levels.

You collected 129 gold pieces.

Inventory:

Hand Weapons
 a - a +0 hand axe (weapon)
Missiles
 j - 2 datura-tipped darts
Armour
 b - a +0 robe (worn)
 d - an orb of light (worn)
Wands
 l - a wand of mindburst (9)
Scrolls
 e - 2 scrolls of blinking {unknown}
 f - 3 scrolls of amnesia {unknown}
 g - a scroll of vulnerability {unknown}
 h - a scroll of immolation {unknown}
 k - a scroll of revelation {unknown}
Potions
 c - a potion of ambrosia


   Skills:
 - Level 3.6 Fighting
 + Level 6.1 Axes
 - Level 3.2 Dodging


You had 3 spell levels left.
You didn't know any spells.
Your spell library contained the following spells:

 Spells                   Type           Power      Damage    Failure   Level
 Ensorcelled Hibernation  Hex/Ice        0%         N/A       56%         2
 Jinxbite                 Hex            0%         N/A       56%         2
 Anguish                  Hex/Necr       0%         N/A       99%         4


Dungeon Overview and Level Annotations

Branches:
Dungeon (2/15)

Altars:

Shops:
D:2 ?!=


Innate Abilities, Weirdness & Mutations

You have a pair of horns on your head.
You reflexively headbutt those who attack you in melee.


Message History

You kill the quokka!
You see here a quokka corpse.
You hit the orc. You headbutt the orc.
You kill the orc!
You hit the adder but do no damage. The adder barely misses you.
The adder bites you.
The orc wizard points at you and mumbles some strange words.
You are confused.
The orc priest closely misses you.
You see here a +0 whip.
You're too confused to move!
The adder bites you. x2
The orc wizard closely misses you. The orc priest closely misses you.
You barely miss the orc wizard. You headbutt the orc wizard.
The orc wizard is moderately wounded.
You closely miss the adder.
You hit the orc priest but do no damage.
The adder misses you.
The orc wizard hits you with a +0 dagger.
The orc priest calls down the wrath of Beogh upon you.
Pain shoots through your body!
You barely miss the adder. You hit the orc wizard. You hit the orc priest.
The adder bites you.
The orc wizard hits you with a +0 dagger.
The orc priest hits you with a +0 short sword.
You closely miss the orc wizard. Your headbutt misses the orc wizard.
The orc wizard is heavily wounded.
You barely miss the adder.
You hit the orc priest but do no damage.
The adder barely misses you. The orc wizard misses you.
The orc priest mumbles some strange prayers to Beogh against you.
You barely resist.
You feel less confused. The adder attacks as it pursues you!
The adder barely misses you. The adder bites you but does no damage.
The orc wizard points at you and mumbles some strange words.
The puff of flame hits you.
* * * LOW HITPOINT WARNING * * *
The orc priest calls down the wrath of Beogh upon you.
Beogh smites you!
You die...

...###.....### #
##.##.# .#
#####.##.###.###.#
.................#
#####.####.##.#..#
...####.##.....
#...............
#.......†.###...
.......S@#
......oo.#
.........#
.....(...#
.........#
.........#
.........#
.........#


You could see an orc priest, an orc wizard and an adder.

Vanquished Creatures
  2 adders (D:2)
  2 worms (D:2)
  2 dart slugs
  An orc (D:3)
  6 ball pythons
  A bat (D:2)
  5 endoplasms
  A giant cockroach (D:1)
  5 goblins
  5 hobgoblins
  4 kobolds
  A quokka (D:3)
  A frilled lizard (D:2)
  14 rats
50 creatures vanquished.

Notes
Turn   | Place    | Note
-------+----------+-------------------------------------------
     0 | D:1      | Persephone the Minotaur Monk began the quest for the Orb.
     0 | D:1      | Reached XP level 1. HP: 19/19 MP: 0/0
   126 | D:1      | Reached skill level 4 in Axes
   177 | D:1      | Reached XP level 2. HP: 26/26 MP: 1/1
   611 | D:1      | Reached skill level 5 in Axes
   690 | D:1      | Reached XP level 3. HP: 26/31 MP: 2/2
   883 | D:1      | Found a faded altar of an unknown god.
  1362 | D:2      | Found Ykan's Magic Scroll Shoppe.
  1616 | D:2      | Found Hacrij's Distillery.
  1634 | D:2      | Reached skill level 6 in Axes
  1634 | D:2      | Reached XP level 4. HP: 34/39 MP: 3/3
  1679 | D:2      | Found Jekemmaf's Jewellery Shoppe.
  1738 | D:2      | You fall into a shaft and drop 1 floor!
  1738 | D:3      | Identified the of Qathu
  1770 | D:3      | Killed from afar by an orc priest

Illustrated notes

Levels and vault maps discovered:
D:1:      lightli_arrival_lavapool, layout_loops_corners,
          dreamdust_ecumenical_altar_angels_and_demons, minmay_rat_gold_closets
D:2:      layout_loops_corners, serial_shops, shop, shop, shop
D:3:      minmay_octagon_keep, layout_basic, lemuel_doored_altar,
          corexii_item_surrounded_by_moat

Skill      XL: |  1  2  3 |
---------------+----------+-----
Axes           | 4 5 6 |  6.1
Fighting       | |  3.6
Dodging        | |  3.2

Action                     |  1- 3 |  4- 6 || total
---------------------------+-------+-------++-------
  Melee: Hand axe          |    74 |     9 ||    83
         Headbutt          |    12 |     3 ||    15
  Throw: Dart              |    28 |     3 ||    31
 Armour: Robe              |    21 |    11 ||    32
  Dodge: Dodged            |    22 |    13 ||    35

Table legend: (Time is in decaauts)
 A = Elapsed time spent in this place.
 B = Non-inter-level travel time spent in this place.
 C = Inter-level travel time spent in this place.
 D = Time resting spent in this place.
 E = Time spent auto-exploring this place.
 F = Levels seen in this place.
 G = Mean time per level.
                   A        B        C        D        E       F      G
               +--------+--------+--------+--------+--------+-----+--------+
         Total |   1772 |   1746 |     26 |      0 |   1478 |   3 |  590.7 |
       Dungeon |   1772 |   1746 |     26 |      0 |   1478 |   3 |  590.7 |
               +--------+--------+--------+--------+--------+-----+--------+

Top non-repeatable levels by time:
     D:1: 1094 daAuts
     D:2: 647 daAuts
     D:3: 31 daAuts
